 Dungeon Crawl Stone Soup version 0.19-a0-1670-gc28a5d9 (webtiles) character file.

322 st0uf the Changer (level 6, 0/48 HPs)
             Began as a Draconian Transmuter on Sept 21, 2016.
             Was a Follower of Okawaru.
             Slain by an ogre
             ... wielding a +0 giant spiked club
              (22 damage)
             ... on level 4 of the Dungeon.
             The game lasted 00:12:25 (2695 turns).

st0uf the Changer (Draconian Transmuter)            Turns: 2695, Time: 00:12:26

Health: 0/48       AC:  6    Str: 12    XL:     6   Next: 22%
Magic:  18/20      EV: 13    Int: 15    God:    Okawaru [*.....]
Gold:   160        SH:  0    Dex: 12    Spells: 2 memorised, 9 levels left

rFire  . . .     SeeInvis .       - Unarmed
rCold  . . .     Gourm    .     (armour unavailable)
rNeg   . . .     Faith    .     (no shield)
rPois  .         Spirit   .     (helmet restricted)
rElec  .         Dismiss  .     (no cloak)
rCorr  .         Reflect  .     (no gloves)
MR     .....     Harm     .     (boots currently unavailable)
Stlth  +.........               (no amulet)
                                w - ring of magical power
                                k - ring of wizardry

@: appendage
A: unfitting armour, talons 3, cold-blooded, AC +6
a: End Transformation, Heroism, Renounce Religion


You were on level 4 of the Dungeon.
You worshipped Okawaru.
Okawaru was aware of your devotion.
You were not hungry.
You had grown temporary talons.
You visited 1 branch of the dungeon, and saw 4 of its levels.

You collected 160 gold pieces.

Inventory:

Missiles
 a - 44 arrows
Jewellery
 k - a ring of wizardry (left hand)
 w - a ring of magical power (right hand)
 A - an uncursed ring of see invisible {unknown}
Scrolls
 d - 5 scrolls of identify {unknown}
 f - 3 scrolls of amnesia {unknown}
 p - a scroll of remove curse {unknown}
 q - 2 scrolls of teleportation {unknown}
 u - a scroll of random uselessness {unknown}
 x - a scroll of immolation {unknown}
 y - a scroll of blinking {unknown}
Potions
 e - 3 potions of magic {unknown}
 h - a potion of lignification {unknown}
 j - 5 potions of curing {unknown}
 l - a potion of heal wounds {unknown}
 m - a potion of agility {unknown}
 o - 2 potions of cancellation {unknown}
 s - a potion of might {unknown}
 v - a potion of flight {unknown}
Books
 b - a book of Changes

   Spells                             Type                      Level
   a - Beastly Appendage              Transmutation                1
   b - Sticks to Snakes               Transmutation                2
   c - Spider Form                    Transmutation/Poison         3
   d - Ice Form                       Ice/Transmutation            4
   e - Blade Hands                    Transmutation                5
 t - a book of Cantrips

   Spells                             Type                      Level
   a - Confusing Touch                Hexes                        1
   b - Animate Skeleton               Necromancy                   1
   c - Summon Small Mammal            Summoning                    1
   d - Apportation                    Translocation                1
Comestibles
 c - 4 bread rations
 g - a slice of pizza
 i - 2 meat rations
 n - a beef jerky
 r - a royal jelly
 z - a chunk of flesh


   Skills:
 + Level 1.8 Fighting
 + Level 2.6 Dodging
 + Level 3.7 Unarmed Combat
 * Level 3.6 Spellcasting
 * Level 3.9 Transmutations
 + Level 1.9 Invocations


You had 9 spell levels left.
You knew the following spells:

 Your Spells              Type           Power        Failure   Level  Hunger
a - Beastly Appendage     Tmut           ##....       1%          1    None
b - Sticks to Snakes      Tmut           ##......     3%          2    ##.....


Dungeon Overview and Level Annotations

Branches:
Dungeon (4/15)
 Temple: D:4-7

Altars:
Dithmenos
Fedhas
Okawaru
Qazlal
Yredelemnul


Innate Abilities, Weirdness & Mutations

Your plain brown scales are hard. (AC +6)
Your body does not fit into most forms of armour.
You are cold-blooded and may be slowed by cold attacks.
You have claws for feet.


Message History

The ogre hits you with a giant spiked club!
Your ball python bites the ogre.
You hit the ogre. You claw the ogre.
The ogre is moderately wounded.
Your ball python bites the ogre.
The ogre barely misses you.
Unknown command.
You hit the ogre. You claw the ogre. You tail-slap the ogre.
The ogre is heavily wounded.
Your ball python barely misses the ogre.
Unknown command.
You hit the ogre but do no damage. Your kick misses the ogre.
You tail-slap the ogre.
The ogre is severely wounded.
Your ball python bites the ogre.
The ogre barely misses you.
Unknown command.
You barely miss the ogre.
The ogre is severely wounded.
Your ball python closely misses the ogre.
The ogre hits you with a giant spiked club!!
You die...

#.# #..#
######.#######..#
.........[......##
.#####.########..#
.#####.# ##.# .......#
#.# #####..# #.#
#..#########.########.
#...........@.........
#.########.SO..######
#..........#.#.#
############.#.# #.#.#
#.#.#########
#.).O......O.
###.######### #.#


You could see an ogre and a friendly ball python.

Vanquished Creatures
  A phantom (D:4)
  A centaur zombie (D:3)
  A bullfrog skeleton (D:4)
  2 hounds
  4 adders
  2 worms
  2 dart slugs
  A leopard gecko (D:2)
  An orc (D:4)
  A ball python (D:1)
  2 giant cockroaches
  3 goblins
  12 hobgoblins
  4 jackals (D:1)
  3 quokkas
  5 bats
  6 kobolds
  3 rats
54 creatures vanquished.

Vanquished Creatures (collateral kills)
  A worker ant (D:3)
  2 adders (D:3)
  A goblin (D:2)
  A kobold (D:3)
5 creatures vanquished.

Grand Total: 59 creatures vanquished

Notes
Turn   | Place    | Note
-------+----------+-------------------------------------------
     0 | D:1      | st0uf the Draconian Transmuter began the quest for the Orb.
     0 | D:1      | Reached XP level 1. HP: 16/16 MP: 3/3
   302 | D:1      | Found an iron altar of Okawaru.
   312 | D:1      | Became a worshipper of Warmaster Okawaru
   333 | D:1      | Reached XP level 2. HP: 18/23 MP: 1/5
   345 | D:1      | Learned a level 2 spell: Sticks to Snakes
   846 | D:2      | Reached XP level 3. HP: 24/28 MP: 5/7
  1108 | D:2      | Found a blossoming altar of Fedhas.
  1108 | D:2      | Found a stormy altar of Qazlal.
  1512 | D:3      | Reached XP level 4. HP: 35/35 MP: 8/8
  1580 | D:3      | Reached skill level 1 in Invocations
  2024 | D:3      | Found a basalt altar of Yredelemnul.
  2024 | D:3      | Found a shadowy altar of Dithmenos.
  2278 | D:3      | Reached XP level 5. HP: 15/40 MP: 9/9
  2282 | D:3      | Reached * piety under Okawaru
  2466 | D:4      | Noticed a phantom
  2520 | D:4      | Killed a phantom
  2520 | D:4      | Reached XP level 6. HP: 16/48 MP: 11/11
  2695 | D:4      | Slain by an ogre

Vault maps used:
D:1:      dpeg_arrival_solitude, okawaru_ov_weapons_minmay
D:2:      grunt_temple_overflow_forces_of_nature
D:3:      amethyst_overflow_temple_binary
D:4:      first_bread

Skill      XL: |  1  2  3  4 |
---------------+-------------+-----
Transmutations | 3 |  3.9
Invocations    | 1 |  1.9
Dodging        | 2 |  2.6
Spellcasting   | 3 |  3.6
Fighting       | |  1.8
Unarmed Combat | |  3.7

Action                   |  1- 3 |  4- 6 || total
-------------------------+-------+-------++-------
Melee: Unarmed           |   144 |   117 ||   261
       Kick              |     8 |    16 ||    24
       Tailslap          |    16 |    15 ||    31
       Headbutt          |     9 |     8 ||    17
       Punch             |       |     2 ||     2
 Cast: Beastly Appendage |    24 |    15 ||    39
       Sticks to Snakes  |     4 |    12 ||    16
Invok: Heroism           |       |     2 ||     2
  Eat: Chunk             |     3 |     4 ||     7
Armor: Skin              |    29 |    23 ||    52
Dodge: Dodged            |    77 |    77 ||   154
